 Dungeon Crawl Stone Soup version 0.28.0-53-g5a82cb258f (webtiles) character file.

Game seed: 1480221015536206263

53 DildoBatman the Conjurer (level 4, 0/30 HPs)
             Began as a Formicid Conjurer on May 30, 2022.
             Constricted to death by a ball python (1 damage)
             ... on level 4 of the Dungeon.
             The game lasted 00:02:42 (1374 turns).

DildoBatman the Conjurer (Formicid Conjurer)        Turns: 1374, Time: 00:02:43

Health: 0/30       AC:  2    Str: 12    XL:     4   Next: 10%
Magic:  6/7        EV:  9    Int: 17    God:
Gold:   81         SH:  0    Dex: 11    Spells: 4/7 levels left

rFire   . . .      SeeInvis +   e - +0 short sword
rCold   . . .      Faith    .   (no shield)
rNeg    . . .      Spirit   .   a - +0 robe
rPois   .          Reflect  .   (helmet unavailable)
rElec   .          Harm     .   (no cloak)
rCorr   .          Rampage  .   (no gloves)
Will    .....                   (no boots)
Stlth   ++........              (no amulet)
HPRegen 0.10/turn               (no ring)
MPRegen 0.10/turn               (no ring)

@: constricted
A: permanent stasis, dig shafts and tunnels, antennae 3, four strong arms
a: Dig, Shaft Self


You were on level 4 of the Dungeon.
You visited 1 branch of the dungeon, and saw 3 of its levels.

You collected 81 gold pieces.

Inventory:

Hand Weapons
 e - a +0 short sword (weapon)
Missiles
 b - 77 stones
 d - 20 arrows
 h - 23 bolts
 i - 2 silver javelins
 l - 16 sling bullets
Armour
 a - a +0 robe (worn)
Scrolls
 f - a scroll of identify {unknown}
 k - a scroll of teleportation {unknown}
Potions
 c - 2 potions of haste {unknown}
 g - a potion of flight {unknown}
 j - 2 potions of attraction {unknown}


   Skills:
 - Level 1.7 Dodging
 - Level 2.4 Stealth
 - Level 2.1 Spellcasting
 * Level 4.9 Conjurations


You had 4 spell levels left.
You knew the following spells:

 Your Spells              Type           Power      Damage    Failure   Level
a - Searing Ray           Conj           36%        2d5       3%          2
c - Magic Dart            Conj           72%        1d6       2%          1

Your spell library contained the following spells:

 Spells                   Type           Power      Damage    Failure   Level
 Beastly Appendage        Tmut           2%         N/A       19%         1
 Dazzling Flash           Conj/Hex       20%        N/A       21%         3
 Wereblood                Tmut           1%         N/A       28%         2
 Spider Form              Tmut/Pois      1%         N/A       50%         3
 Fulminant Prism          Conj/Hex       5%         3d7       56%         4
 Iskenderun's Mystic Bla  Conj/Tloc      10%        2d4       56%         4


Dungeon Overview and Level Annotations

Branches:
Dungeon (2/15)

Altars:


Innate Abilities, Weirdness & Mutations

You cannot be hasted, slowed, berserked, paralysed or teleported.
You can dig through walls and to a lower floor.
You have a pair of large antennae on your head. (SInv)
Your four strong arms can wield two-handed weapons with a shield.


Message History

The ball python constricts you. What are your orders? t - Shout!
Orders for allies: a - Attack new target. r - Retreat! s - Stop attacking. g - Guard the area. f - Follow me.
Anything else - Cancel.
You shout for attention!
The ball python barely misses you. The ball python constricts you.
The ball python closely misses you. The ball python constricts you.
What are your orders? t - Shout!
Orders for allies: a - Attack new target. r - Retreat! s - Stop attacking. g - Guard the area. f - Follow me.
Anything else - Cancel.
You shout for attention!
The ball python bites you. The ball python constricts you.
What are your orders? t - Shout!
Orders for allies: a - Attack new target. r - Retreat! s - Stop attacking. g - Guard the area. f - Follow me.
Anything else - Cancel.
You shout for attention!
The ball python bites you but does no damage.
The ball python constricts you. What are your orders? t - Shout!
Orders for allies: a - Attack new target. r - Retreat! s - Stop attacking. g - Guard the area. f - Follow me.
Anything else - Cancel.
You shout for attention!
The ball python closely misses you. The ball python constricts you.
You die...

##.. ..#.##.
... ....... #..
...... #..
..#.# . ..
......
#.####.#..#.##.
#..............
.......@....#
.......S.......
#.#.##.#..#.##.
# #. ...... #.
..#.. . #.
....... ..
....... ..
.......


You could see a ball python.

Vanquished Creatures
  An adder (D:2)
  2 worms (D:2)
  4 endoplasms
  2 giant cockroaches
  5 hobgoblins
  5 kobolds
  A quokka (D:1)
  5 ball pythons
  4 bats
  2 frilled lizards
  A goblin (D:1)
  6 rats
38 creatures vanquished.

Notes
Turn   | Place    | Note
-------+----------+-------------------------------------------
     0 | D:1      | DildoBatman the Formicid Conjurer began the quest for the
                  | Orb.
     0 | D:1      | Reached XP level 1. HP: 13/13 MP: 3/3
   301 | D:1      | Reached XP level 2. HP: 19/19 MP: 1/5
   305 | D:1      | Reached skill level 4 in Conjurations
   308 | D:1      | Learned a level 2 spell: Searing Ray
   401 | D:1      | Found a faded altar of an unknown god.
   661 | D:1      | Reached XP level 3. HP: 24/24 MP: 6/6
  1333 | D:2      | Reached XP level 4. HP: 27/30 MP: 2/7
  1335 | D:2      | You fall into a shaft and drop 2 floors!
  1372 | D:4      | HP: 1/30 [ball python (1)]
  1374 | D:4      | Constricted to death by a ball python

Illustrated notes

Levels and vault maps discovered:
D:1:      dpeg_arrival_tiny_c, layout_basic, hellmonk_ecumenical_altar_run_dry
D:2:      layout_rooms
D:4:      layout_basic, mainiacjoe_overflow_paths, serial_shops, shop

Skill      XL: |  1  2 |
---------------+-------+-----
Conjurations   | 4 |  4.9
Dodging        | |  1.7
Stealth        | |  2.4
Spellcasting   | |  2.1

Action                   |  1- 3 |  4- 6 || total
-------------------------+-------+-------++-------
Melee: Unarmed           |    15 |       ||    15
       Short sword       |    25 |       ||    25
 Cast: Magic Dart        |    47 |       ||    47
       Searing Ray       |     3 |       ||     3
 Abil: Shaft Self        |       |     1 ||     1
 Stab: Sleeping          |     3 |       ||     3
Armor: Robe              |    16 |     6 ||    22
Dodge: Dodged            |    35 |    18 ||    53
